Map: Nightscape LE

Players

JakoBo

  • Race: Zerg Zerg
  • League: Diamond
  • Spawn Location: 7:00

SubMarine

  • Race: Protoss Protoss
  • Spawn Location: 7:00

Massa - Winner!

  • Race: Terran Terran
  • League: Platinum
  • Spawn Location: 1:00

qqq - Winner!

  • Race: Zerg Zerg
  • Spawn Location: 1:00

VOD

Have the link to the VOD?

Description

Time

  • Played on: Oct. 28, 2020, 4:30 p.m.
  • Length: 19:58
Show
View Real Time Build Order
Export as new Build Order

JakoBo Zerg 

Build Orders: Hatch First, Muta Ling Bane 

Get SALT Encoding   

  12  0:04  Drone  
  13  0:14  Overlord  
  13  0:25  Drone  
  14  0:37  Drone x2  
  14  0:38  Drone  
  17  0:49  Drone  
  18  0:52  Extractor  
  17  1:01  Hatchery  
  17  1:03  Drone  
  17  1:09  Drone  
  18  1:30  Drone  
  19  1:33  Drone, Spawning Pool  
  19  1:43  Drone  
  20  1:59  Drone  
  21  2:06  Drone  
  22  2:14  Hatchery  
  21  2:21  Queen  
  21  2:22  Queen  
  25  2:29  Metabolic Boost  
  25  2:38  Zergling x6  
  27  2:53  Zergling x2  
  25  3:07  Drone x2  
  27  3:14  Evolution Chamber  
  26  3:25  Drone x2  
  26  3:26  Baneling Nest  
  27  3:33  Drone  
  28  3:37  Drone x4  
  32  3:44  Zerg Melee Weapons Level 1  
  32  3:45  Roach Warren  
  32  3:47  Drone x2  
  33  4:04  Overlord x3  
  33  4:13  Baneling x3  
  33  4:19  Overlord x2  
  33  4:24  Drone x2  
  33  4:29  Queen  
  37  4:31  Spine Crawler  
  36  4:40  Drone  
  36  4:41  Drone x2  
  36  4:42  Zergling x4  
  41  4:54  Drone x3  
  41  4:56  Zergling x4  
  46  5:03  Lair  
  46  5:04  Zergling x4  
  43  5:18  Baneling x2  
  43  5:19  Zergling x10  
  47  5:27  Zergling x4  
  48  5:30  Baneling  
  48  5:34  Drone  
  48  5:35  Drone x3  
  51  5:36  Overlord x2  
  46  5:43  Baneling x2  
  46  5:49  Drone x2  
  48  5:54  Zergling x6  
  48  5:55  Zergling x4  
  53  6:08  Drone x2  
  53  6:09  Extractor  
  54  6:11  Drone x4  
  54  6:12  Drone x2  
  53  6:26  Drone x4  
  54  6:33  Extractor  
  54  6:36  Drone x3  
  54  6:37  Extractor, Zerg Missile Weapons Level 1  
  53  6:51  Drone  
  53  6:52  Drone x2  
  53  6:53  Drone x3  
  59  6:55  Drone  
  59  6:56  Drone  
  60  7:10  Drone x2  
  60  7:11  Drone  
  60  7:13  Extractor, Spore Crawler  
  60  7:15  Spore Crawler  
  60  7:16  Spore Crawler  
  60  7:17  Drone x2, Centrifical Hooks  
  60  7:18  Extractor  
  60  7:20  Glial Reconstitution  
  60  7:24  Drone  
  60  7:27  Drone x4  
  65  7:31  Roach x4  
  65  7:32  Zergling x2  
  65  7:36  Overlord x3  
  65  7:37  Overseer  
  74  7:53  Queen x2  
  78  7:59  Drone  
  78  8:00  Drone x2, Overlord  
  78  8:01  Overlord x4  
  83  8:05  Roach  
  83  8:06  Roach x3  
  83  8:10  Drone, Spire  
  89  8:17  Overlord  
  89  8:18  Overlord  
  89  8:22  Overlord x2  
  89  8:26  Roach  
  91  8:27  Roach x5  
  91  8:29  Drone  
  91  8:30  Drone x2  
  104  8:35  Zerg Missile Weapons Level 2  
  104  8:40  Tunneling Claws  
  104  9:05  Ravager x2, Spore Crawler  
  104  9:06  Ravager x8  
  104  9:07  Hatchery, Zergling x2  
  104  9:08  Roach  
  115  9:12  Extractor  
  115  9:13  Extractor  
  109  9:39  Mutalisk  
  109  9:41  Mutalisk x4  
  119  9:51  Spore Crawler  
  116  9:52  Spore Crawler  
  116  9:55  Spore Crawler  
  116  9:57  Drone x13  
  124  10:04  Mutalisk x4  
  126  10:13  Mutalisk  
  122  10:25  Drone  
  122  10:26  Drone  
  122  10:27  Spore Crawler  
  122  10:28  Drone x8, Queen  
  131  10:31  Mutalisk x3  
  139  10:39  Spore Crawler  
  139  10:41  Drone x2  
  140  10:44  Drone x4  
  144  10:53  Overlord x4  
  144  10:54  Pneumatized Carapace, Spore Crawler  
  144  10:56  Zerg Flyer Weapons Level 1  
  143  10:58  Spore Crawler  
  143  10:59  Spore Crawler  
  143  11:03  Infestation Pit  
  143  11:04  Queen  
  142  11:17  Drone  
  142  11:18  Drone x3  
  146  11:28  Mutalisk  
  146  11:29  Mutalisk x5  
  146  11:32  Spine Crawler  
  157  11:37  Mutalisk x2  
  157  11:39  Queen  
  152  11:44  Mutalisk  
  152  11:52  Mutalisk  
  150  11:55  Mutalisk  
  148  12:03  Drone x2  
  148  12:05  Spore Crawler  
  149  12:19  Hatchery  
  148  12:24  Zerg Ground Armor Level 1  
  148  12:32  Mutalisk  
  148  12:33  Mutalisk x3  
  147  12:37  Queen  
  145  12:47  Drone x2  
  147  12:55  Overlord  
  147  12:56  Overlord x5  
  147  12:58  Overseer x2  
  147  13:04  Extractor  
  147  13:05  Mutalisk x6  
  148  13:07  Extractor  
  157  13:20  Drone x3  
  157  13:21  Drone x3  
  163  13:30  Mutalisk x2  
  163  13:31  Mutalisk x2  
  171  13:47  Mutalisk x3  
  171  13:48  Mutalisk  
  175  13:56  Queen  
  177  14:07  Mutalisk x3  
  183  14:15  Spore Crawler  
  183  14:16  Spore Crawler x2  
  180  14:17  Spore Crawler  
  179  14:31  Roach x10  
  199  14:38  Zerg Ground Armor Level 2  
  199  14:41  Hive  
  199  14:48  Mutalisk x4  
  170  15:11  Mutalisk x2  
  170  15:12  Mutalisk x2  
  170  15:13  Drone  
  170  15:14  Drone x7  
  186  15:20  Mutalisk  
  186  15:27  Mutalisk x2  
  88  15:49  Zergling x24  
  99  15:52  Drone x2  
  99  16:20  Hatchery  
  96  16:38  Zergling x2  
  96  16:39  Zergling x22  
  108  16:52  Zergling x8  
  79  17:06  Zergling x8  
  79  17:07  Queen x2  
  72  17:14  Mutalisk  
  72  17:15  Mutalisk x5  
  79  17:26  Spore Crawler  
  75  17:32  Spore Crawler  
  75  17:36  Drone x3, Queen  
  75  18:08  Mutalisk x2  
  79  18:25  Zergling x12  
  79  18:29  Greater Spire  
  39  18:48  Hatchery  
  36  18:54  Corruptor x2  
  40  18:56  Queen  
  23  19:40  Drone x5  
Show
View Real Time Build Order
Export as new Build Order

SubMarine Protoss 

Build Orders: Carriers 

Get SALT Encoding   

  12  0:00  Probe  
  13  0:12  Probe  
  14  0:17  Pylon  
  14  0:24  Probe  
  15  0:41  Gateway  
  15  0:42  Assimilator  
  15  0:44  Probe (Chrono Boost)  
  16  0:54  Probe (Chrono Boost)  
  17  0:59  Probe (Chrono Boost)  
  18  1:10  Probe  
  19  1:23  Probe  
  20  1:35  Probe  
  20  1:38  Cybernetics Core  
  20  1:41  Assimilator  
  20  1:45  Pylon  
  20  1:47  Probe  
  21  1:59  Probe (Chrono Boost)  
  22  2:03  Gateway  
  22  2:11  Probe (Chrono Boost)  
  22  2:13  Warp Gate (Chrono Boost)  
  23  2:17  Adept  
  23  2:18  Probe (Chrono Boost)  
  26  2:25  Probe  
  27  2:37  Probe  
  27  2:41  Nexus  
  28  2:47  Adept  
  28  2:49  Probe  
  31  3:13  Pylon  
  31  3:16  Pylon  
  31  3:31  Probe  
  32  3:37  Twilight Council  
  32  3:43  Probe, Pylon  
  32  3:45  Gateway  
  32  3:46  Gateway  
  34  3:55  Probe (Chrono Boost)  
  32  4:06  Probe (Chrono Boost)  
  34  4:12  Charge (Chrono Boost)  
  34  4:13  Probe (Chrono Boost)  
  34  4:15  Probe (Chrono Boost), Dark Shrine  
  35  4:20  Probe x2 (Chrono Boost)  
  35  4:21  Zealot  
  39  4:29  Zealot  
  41  4:31  Probe  
  41  4:32  Probe  
  41  4:37  Assimilator x2  
  43  4:43  Probe, Zealot x2  
  43  4:44  Probe  
  49  4:51  Robotics Facility  
  49  4:53  Pylon  
  49  4:55  Probe  
  49  4:56  Probe  
  49  4:59  Sentry x2  
  55  5:08  Probe  
  56  5:18  Probe  
  56  5:20  Probe  
  58  5:33  Forge  
  58  5:35  Dark Templar  
  58  5:36  Dark Templar  
  58  5:37  Pylon  
  58  5:39  Gateway  
  58  5:40  Gateway  
  62  5:43  Gateway  
  62  5:47  Zealot x2  
  66  5:55  Warp Prism (Chrono Boost)  
  66  6:03  Probe, Protoss Ground Weapons Level 1 (Chrono Boost)  
  69  6:17  Pylon  
  69  6:18  Pylon  
  46  6:45  Dark Templar x4  
  46  6:46  Dark Templar x3  
  46  7:06  Probe x2  
  42  7:12  Immortal  
  42  7:16  Photon Cannon  
  42  7:18  Probe x2  
  44  7:26  Zealot x3  
  50  7:30  Probe x2  
  52  7:42  Probe x2  
  46  7:51  Immortal (Chrono Boost)  
  46  7:54  Probe  
  46  7:57  Dark Templar x3  
  57  8:01  Dark Templar  
  57  8:02  Archon  
  53  8:14  Photon Cannon  
  53  8:16  Protoss Ground Weapons Level 2 (Chrono Boost)  
  52  8:30  Archon  
  52  8:33  Shadow Stride  
  52  8:44  Nexus  
  52  8:49  Probe (Chrono Boost)  
  52  8:51  Observer  
  52  8:54  Probe (Chrono Boost)  
  55  8:57  Stargate  
  55  8:58  Probe (Chrono Boost)  
  55  9:02  Probe (Chrono Boost)  
  57  9:03  Probe (Chrono Boost)  
  58  9:10  Pylon  
  58  9:13  Probe  
  58  9:15  Probe  
  55  9:18  Protoss Air Weapons Level 1  
  50  9:24  Zealot x2  
  50  9:25  Probe  
  55  9:31  Zealot  
  57  9:43  Pylon  
  57  9:44  Probe  
  57  9:45  Probe  
  58  9:49  Observer  
  59  9:56  Zealot  
  59  9:57  Zealot  
  63  10:03  Photon Cannon  
  63  10:09  Pylon  
  63  10:24  Probe x2 (Chrono Boost)  
  63  10:26  Protoss Ground Armor Level 1 (Chrono Boost)  
  66  10:29  Probe (Chrono Boost)  
  66  10:33  Probe (Chrono Boost)  
  63  10:37  Probe x2 (Chrono Boost)  
  63  10:40  Photon Cannon  
  63  10:41  Photon Cannon  
  63  10:42  Photon Cannon  
  65  10:46  Probe  
  65  10:48  Probe x2  
  68  10:59  Photon Cannon  
  68  11:00  Assimilator x2  
  68  11:07  Zealot  
  70  11:20  Probe x2  
  72  11:27  Probe  
  72  11:32  Probe x2  
  75  11:34  Fleet Beacon  
  75  11:52  Dark Templar  
  77  11:56  Probe x3  
  77  12:00  Stargate x2  
  80  12:03  Pylon  
  76  12:08  Probe  
  76  12:15  Dark Templar x2  
  81  12:24  Protoss Ground Weapons Level 3  
  81  12:34  Dark Templar x4  
  86  12:43  Archon x2  
  86  12:49  Probe x2  
  84  12:59  Carrier x3 (Chrono Boost)  
  84  13:04  Protoss Air Weapons Level 2 (Chrono Boost)  
  102  13:07  Cybernetics Core  
  102  13:08  Probe x2  
  104  13:21  Zealot x4  
  104  13:22  Zealot  
  104  13:23  Zealot  
  114  13:53  Carrier (Chrono Boost)  
  114  13:55  Protoss Air Armor Level 1 (Chrono Boost)  
  114  13:57  Carrier (Chrono Boost)  
  114  13:58  Carrier (Chrono Boost)  
  132  14:14  Nexus  
  117  14:24  Probe x2  
  117  14:25  Probe  
  119  14:36  Probe  
  119  14:37  Probe  
  121  14:42  Carrier (Chrono Boost)  
  127  14:47  Carrier (Chrono Boost)  
  127  14:48  Carrier (Chrono Boost)  
  139  15:27  Assimilator  
  139  15:29  Assimilator  
  139  15:37  Pylon  
  139  15:38  Carrier (Chrono Boost)  
  139  15:39  Pylon  
  139  15:41  Pylon  
  145  15:55  Carrier x2  
  157  16:13  Protoss Air Armor Level 2 (Chrono Boost)  
  157  16:17  Probe x2  
  112  17:38  Probe x2  
  110  17:50  Probe  
  111  17:57  Stargate  
  111  17:58  Stargate  
  111  18:02  Pylon  
  87  19:06  Fleet Beacon  
  84  19:11  Void Ray x3  
Show
View Real Time Build Order
Export as new Build Order

Massa Terran - Winner!

Build Orders:  

Get SALT Encoding   

  12  0:00  SCV  
  13  0:12  SCV  
  14  0:22  Supply Depot  
  14  0:25  SCV  
  15  0:31  Refinery  
  15  0:44  SCV  
  15  0:45  Barracks  
  16  0:56  SCV  
  17  1:10  SCV  
  18  1:22  SCV  
  19  1:34  SCV  
  20  1:45  Reaper  
  21  1:49  Command Center  
  21  1:52  Orbital Command  
  21  2:17  Marine  
  21  2:19  SCV  
  23  2:34  Factory  
  23  2:35  Supply Depot x2  
  23  2:57  SCV  
  24  3:16  Barracks Reactor  
  24  3:18  Factory Tech Lab  
  24  3:21  Orbital Command  
  24  3:23  SCV  
  25  3:27  Engineering Bay  
  25  3:30  Command Center  
  25  3:32  Refinery  
  25  3:35  SCV  
  25  3:36  Starport  
  25  3:40  Barracks  
  26  3:47  SCV  
  27  3:51  Siege Tank  
  30  3:59  SCV  
  31  4:03  SCV  
  32  4:11  SCV  
  32  4:15  SCV, Medivac  
  36  4:19  Marine x2  
  36  4:23  Widow Mine  
  40  4:32  Barracks Tech Lab  
  40  4:37  Marine x2  
  42  4:51  Engineering Bay  
  42  4:54  Widow Mine, Marine  
  42  4:55  Marine  
  46  5:01  Missile Turret  
  46  5:03  Missile Turret  
  47  5:07  SCV x3  
  47  5:09  Missile Turret  
  47  5:12  Marine x2  
  51  5:19  SCV  
  51  5:20  SCV  
  54  5:24  Orbital Command  
  54  5:25  Stimpack  
  53  5:29  Marauder  
  53  5:30  Marine, Missile Turret  
  53  5:31  SCV  
  53  5:32  SCV  
  53  5:34  Medivac  
  60  5:37  Refinery  
  60  5:41  Refinery  
  60  5:43  SCV  
  60  5:44  SCV  
  64  5:50  Widow Mine, Marauder, Missile Turret  
  64  5:51  Marine x2  
  67  6:08  Marine  
  68  6:11  Marine  
  69  6:31  Marine  
  69  6:32  Marine  
  69  6:35  Widow Mine  
  68  6:52  Terran Infantry Armor Level 1, Terran Infantry Weapons Level 1  
  68  6:58  Marauder  
  68  7:00  Siege Tank  
  66  7:12  Marine x2  
  64  7:20  Marauder  
  66  7:29  Barracks  
  66  7:30  Marine x2  
  66  7:31  Barracks  
  66  7:32  Barracks  
  66  7:35  Barracks  
  68  7:39  Supply Depot  
  68  7:40  Supply Depot  
  68  7:41  Orbital Command, Supply Depot x3  
  68  7:47  Marine  
  69  8:00  Marine  
  69  8:01  Marauder, Siege Tank  
  69  8:04  Supply Depot  
  73  8:22  Marauder  
  73  8:24  Barracks Tech Lab  
  75  8:33  Medivac  
  77  8:37  Siege Tank  
  77  8:41  Barracks Reactor  
  80  8:44  Marauder  
  80  8:46  Barracks Tech Lab  
  80  8:47  Barracks Reactor  
  80  8:48  Armory  
  82  8:50  SCV  
  83  9:02  SCV  
  84  9:05  Marauder  
  86  9:14  SCV  
  87  9:17  SCV  
  87  9:18  SCV  
  89  9:24  Command Center  
  89  9:26  SCV  
  89  9:29  SCV  
  89  9:30  SCV  
  92  9:34  Marauder  
  94  9:38  SCV  
  94  9:39  Marauder, Marine  
  94  9:40  Marine x3  
  94  9:41  SCV  
  94  9:42  SCV  
  103  9:47  Concussive Shells, Combat Shield  
  103  9:50  SCV  
  104  9:53  SCV  
  104  9:54  SCV  
  104  9:55  Refinery  
  104  9:56  Marauder  
  104  9:57  Refinery, Marine  
  104  9:58  Marine x3  
  112  10:01  Marauder  
  112  10:02  Missile Turret, Siege Tank  
  117  10:11  Supply Depot  
  117  10:12  Terran Infantry Armor Level 2, Terran Infantry Weapons Level 2, Supply Depot x2  
  117  10:13  Supply Depot x2  
  117  10:14  Supply Depot  
  117  10:21  Missile Turret  
  117  10:22  Marauder  
  117  10:32  SCV, Marine x3  
  117  10:33  Marauder x2, Marine x2  
  117  10:34  SCV x2, Siege Tank  
  132  10:38  Supply Depot  
  132  10:39  Supply Depot  
  132  10:40  Supply Depot  
  132  10:41  Missile Turret  
  132  10:43  Marauder  
  132  10:48  Starport Reactor  
  134  10:57  Marauder x2, Marine  
  134  10:58  Marine x2  
  134  11:00  Missile Turret  
  141  11:05  Marauder  
  141  11:06  Siege Tank  
  136  11:12  Marine  
  136  11:13  Marine x2  
  136  11:15  Marine  
  136  11:16  Marine x2  
  142  11:19  Marauder x2  
  142  11:21  SCV x3  
  149  11:26  Marauder  
  149  11:30  Marine x3  
  154  11:33  SCV x3  
  154  11:39  Missile Turret  
  157  11:40  Marauder x2, Missile Turret  
  157  11:45  SCV  
  157  11:46  Terran Vehicle Weapons Level 1  
  162  11:47  Marauder  
  162  11:52  Armory  
  164  11:58  Marine x6  
  170  12:01  Marauder, Marine  
  173  12:08  Marine  
  174  12:16  Marine x4  
  174  12:19  Marauder  
  180  12:23  Marauder  
  166  12:48  Marauder x3  
  166  12:49  Marine x3  
  166  12:50  Marine x3, Planetary Fortress  
  178  12:55  Missile Turret  
  178  12:56  Missile Turret  
  178  12:57  SCV x2, Missile Turret  
  178  12:58  SCV, Missile Turret  
  181  13:07  Marine  
  181  13:09  SCV, Marauder x3  
  181  13:10  Terran Infantry Weapons Level 3, Terran Infantry Armor Level 3  
  181  13:12  Terran Vehicle And Ship Armor Level 1  
  189  13:27  Command Center  
  189  13:30  Marauder x2  
  189  13:31  Marauder  
  189  13:33  Sensor Tower  
  195  13:37  Refinery  
  195  13:39  Refinery, SCV x2  
  195  13:40  SCV x2  
  199  13:51  SCV  
  200  14:10  Terran Vehicle Weapons Level 2  
  200  14:36  Missile Turret  
  200  14:37  Missile Turret  
  200  14:38  Missile Turret  
  200  14:40  Missile Turret  
  200  14:42  Missile Turret  
  170  15:38  Thor  
  176  16:01  Viking x2  
  180  16:06  Terran Vehicle And Ship Armor Level 2  
  180  16:21  Thor  
  180  16:24  Command Center  
  186  16:26  Terran Ship Weapons Level 1  
  186  16:31  Viking x2  
  190  17:01  Viking x2  
  190  17:04  Thor  
  114  17:17  Marauder x3, Marine  
  114  17:18  Marine x5  
  110  17:31  Viking x2  
  110  17:32  Factory  
  110  17:33  Orbital Command  
  110  17:34  Factory x2  
  110  17:35  Marine  
  110  17:36  Marine x5  
  120  17:38  Marauder x2  
  120  17:39  Marauder  
  126  17:46  Thor  
  132  17:53  Marine x5  
  137  17:59  Marauder x2  
  137  18:00  Marauder, Marine  
  144  18:09  Viking x2  
  144  18:11  Marine x5  
  153  18:18  Marine  
  154  18:21  Refinery, Marauder x3  
  154  18:23  Missile Turret x2  
  154  18:24  Missile Turret x2  
  154  18:25  Refinery, Missile Turret x2  
  154  18:26  Missile Turret  
  160  18:27  Missile Turret x2  
  160  18:28  Marine  
  160  18:29  Marine x4, Missile Turret  
  160  18:32  Thor  
  171  18:35  Factory Tech Lab x3  
  171  18:36  Marine  
  171  18:39  Viking x2  
  176  18:42  Marauder x2  
  176  18:43  Marauder  
  176  18:45  Missile Turret  
  176  18:46  Marine, Missile Turret x2  
  176  18:47  Marine x4, Missile Turret x2  
  181  18:52  Missile Turret  
  181  18:54  Marine  
  182  19:03  Marine x2  
  182  19:04  Marine x2  
  182  19:05  Marine x4  
  182  19:08  Viking  
  182  19:09  Viking  
  194  19:11  Marine  
  195  19:21  Marine x3  
  195  19:22  Marine x2  
Show
View Real Time Build Order
Export as new Build Order

qqq Zerg - Winner!

Build Orders: Hatch First 

Get SALT Encoding   

  12  0:00  Drone  
  13  0:08  Drone  
  14  0:38  Hatchery  
  14  0:42  Drone  
  14  0:54  Overlord  
  14  1:03  Spawning Pool  
  13  1:08  Drone  
  14  1:12  Extractor  
  13  1:22  Drone x2  
  13  1:23  Drone  
  16  1:42  Drone  
  16  1:46  Drone  
  18  1:50  Drone  
  18  1:53  Queen  
  21  2:16  Drone x2  
  21  2:18  Drone  
  21  2:21  Spine Crawler  
  23  2:23  Metabolic Boost  
  23  2:25  Drone  
  23  2:27  Drone  
  25  2:30  Drone  
  25  2:34  Zergling x2  
  27  2:41  Drone  
  28  2:50  Overlord  
  28  2:51  Overlord  
  28  3:08  Queen  
  28  3:09  Overlord  
  28  3:11  Zergling x6  
  33  3:16  Drone, Baneling Nest  
  33  3:20  Drone x2  
  33  3:23  Zergling x2  
  36  3:31  Drone  
  37  3:36  Zergling x2  
  37  3:37  Drone  
  39  3:55  Hatchery  
  38  4:04  Drone x3  
  38  4:07  Lair  
  38  4:08  Drone x4  
  45  4:12  Extractor  
  45  4:14  Queen  
  46  4:35  Baneling x5  
  46  4:36  Baneling, Zergling x4  
  46  4:37  Zergling x8  
  52  4:39  Overlord x2  
  52  4:56  Overlord  
  50  5:31  Zergling x6  
  50  5:32  Drone x4  
  50  5:33  Drone x5  
  54  5:43  Zergling x2  
  54  5:44  Drone x2  
  54  5:48  Spire  
  56  5:50  Spore Crawler  
  56  5:52  Overseer  
  56  5:55  Drone x2  
  57  5:59  Drone  
  58  6:04  Zergling x2  
  58  6:05  Zergling x2  
  58  6:07  Baneling x2  
  58  6:08  Baneling  
  58  6:09  Spine Crawler  
  56  6:19  Zergling x2  
  54  6:26  Spine Crawler  
  54  6:28  Spine Crawler  
  54  6:29  Spine Crawler, Zergling x4  
  54  6:30  Zergling x8  
  51  6:46  Zergling x2  
  52  6:47  Queen  
  52  6:51  Extractor  
  52  6:52  Extractor, Zergling x2  
  52  6:53  Zergling x2  
  50  7:07  Drone  
  50  7:08  Drone  
  50  7:09  Zergling x4  
  50  7:10  Mutalisk x3  
  57  7:31  Drone x2  
  57  7:32  Mutalisk x2  
  63  7:42  Drone x4  
  67  7:50  Hatchery  
  66  7:52  Drone x2  
  66  7:53  Mutalisk x2  
  66  7:57  Hatchery  
  71  8:09  Mutalisk x2  
  71  8:10  Overlord x3  
  71  8:11  Overlord  
  71  8:12  Drone  
  76  8:28  Mutalisk x2  
  76  8:34  Zergling x10  
  83  8:36  Zerg Flyer Weapons Level 1  
  83  8:40  Drone x2  
  83  8:41  Drone  
  88  8:43  Extractor  
  88  8:44  Extractor  
  86  8:52  Drone  
  86  8:53  Mutalisk  
  86  8:54  Zergling x2  
  86  8:55  Zergling x6, Overlord x3  
  93  9:09  Infestation Pit  
  92  9:13  Drone x2, Zergling x8  
  92  9:14  Drone, Hydralisk Den  
  89  9:35  Mutalisk  
  89  9:36  Mutalisk x2  
  89  9:37  Drone x2  
  89  9:38  Drone x6  
  89  10:21  Mutalisk x5  
  85  10:23  Drone x7  
  98  10:31  Drone x2  
  98  10:42  Evolution Chamber  
  97  10:43  Evolution Chamber, Hive  
  97  10:45  Lurker Den  
  97  10:46  Drone x5  
  97  10:47  Drone, Zergling x4  
  97  10:48  Zergling x4  
  105  10:52  Extractor  
  105  10:53  Spine Crawler  
  105  10:56  Spore Crawler  
  102  10:57  Spine Crawler, Spore Crawler  
  102  11:00  Spine Crawler  
  102  11:01  Drone  
  102  11:02  Drone x2, Spine Crawler  
  101  11:08  Zergling x4  
  101  11:09  Zergling x10  
  101  11:10  Drone x3  
  111  11:24  Zerg Flyer Armor Level 1  
  111  11:38  Hatchery  
  87  11:57  Mutalisk x3  
  87  11:58  Mutalisk x6  
  87  12:00  Drone x7  
  87  12:01  Drone x2  
  110  12:05  Queen  
  112  12:10  Extractor  
  112  12:13  Drone  
  112  12:16  Spore Crawler  
  112  12:17  Spore Crawler  
  112  12:20  Spore Crawler  
  112  12:21  Drone, Extractor x2  
  108  12:34  Spore Crawler  
  107  12:38  Drone x2  
  107  12:39  Drone x2  
  111  12:51  Drone x2  
  112  12:53  Mutalisk x3  
  112  12:57  Zerg Melee Weapons Level 1, Zerg Ground Armor Level 1  
  119  13:01  Muscular Augments  
  119  13:02  Hydralisk  
  119  13:03  Ultralisk Cavern, Hydralisk x4  
  119  13:05  Drone x3  
  131  13:13  Mutalisk  
  131  13:14  Mutalisk  
  131  13:18  Zerg Flyer Weapons Level 2  
  135  13:31  Overseer  
  135  13:32  Pneumatized Carapace  
  134  13:36  Hatchery, Drone x2  
  134  13:37  Drone x4  
  134  13:38  Mutalisk  
  134  13:40  Overlord x4  
  134  13:41  Overlord x4  
  131  13:59  Mutalisk x3  
  131  14:01  Ultralisk x2  
  131  14:02  Zergling x4  
  146  14:11  Hydralisk x4  
  146  14:13  Drone x2, Grooved Spines  
  156  14:23  Lurker x2  
  158  14:24  Drone x2  
  158  14:27  Mutalisk  
  162  14:41  Mutalisk x2  
  166  14:47  Seismic Spines  
  166  14:51  Zerg Missile Weapons Level 1  
  166  14:54  Hatchery  
  165  15:04  Ultralisk  
  165  15:05  Ultralisk  
  165  15:06  Drone x3  
  165  15:07  Drone x3  
  172  15:39  Ultralisk x4  
  172  15:41  Anabolic Synthesis  
  194  15:43  Overlord  
  194  15:44  Overlord x4  
  184  15:58  Corruptor x3  
  184  16:02  Drone x5  
  191  16:16  Drone  
  191  16:18  Drone x4  
  196  16:27  Corruptor  
  188  16:40  Spine Crawler  
  188  16:41  Spine Crawler  
  188  16:42  Spore Crawler  
  188  16:44  Spore Crawler  
  188  16:45  Spine Crawler  
  173  16:48  Spine Crawler  
  173  16:49  Spore Crawler  
  173  16:52  Spore Crawler  
  146  17:03  Hydralisk x3, Ultralisk x3  
  146  17:04  Corruptor  
  146  17:05  Corruptor x6  
  146  17:07  Drone x3  
  179  17:12  Zergling x4  
  173  17:19  Spine Crawler  
  173  17:20  Drone, Spore Crawler  
  170  17:26  Spine Crawler  
  170  17:27  Spore Crawler  
  170  17:28  Spore Crawler  
  170  17:29  Drone  
  168  17:30  Ultralisk x3  
  168  17:34  Zergling x10  
  168  17:35  Zergling x4  
  181  17:48  Hydralisk  
  181  17:49  Hydralisk x7  
  181  17:51  Zergling x4  
  199  17:52  Drone  
  199  17:57  Spine Crawler  
  197  18:12  Chitinous Plating  
  191  18:13  Zergling x2  
  191  18:14  Zergling x16  
  161  18:37  Corruptor x2  
  161  18:38  Corruptor x4  
  172  18:41  Drone x3  
  172  18:42  Zergling x6  
  172  18:43  Zergling x12  
  181  19:10  Corruptor x6  
  191  19:18  Hydralisk x3  
  191  19:20  Drone x3  
  195  19:27  Spore Crawler  
  195  19:28  Spore Crawler  
  195  19:30  Spore Crawler  
  191  19:31  Spore Crawler x2  
  191  19:32  Spore Crawler  
  158  19:51  Spore Crawler  
  157  19:52  Spore Crawler  
  157  19:53  Spore Crawler  
  157  19:54  Spore Crawler x2  
  157  19:55  Spore Crawler x2  
  151  19:56  Spore Crawler x3  
Tags
 
Add a new tag
Caveats
  • Supply blocks, unpowered buildings, or Contaminate may cause inaccurate times.
  • Supply counts are checked every 10 seconds.